Map: Vallée des cactus EC

Players

bobonut - Winner!

  • Race: Zerg Zerg

AgCl

  • Race: Protoss Protoss

VOD

Have the link to the VOD?

Description

Time

  • Played on: May 16, 2015, 6:48 p.m.
  • Length: 4:14
Show
View Real Time Build Order
Export as new Build Order

bobonut Zerg - Winner!

Build Orders: Hatch First 

Get SALT Encoding   

  12  0:01  Drone  
  13  0:08  Drone  
  14  0:17  Overlord  
  14  0:24  Extractor  
  14  0:25  Drone, Extractor  
  13  0:30  Drone  
  16  0:37  Drone  
  17  0:44  Drone  
  18  0:59  Hatchery  
  17  1:07  Drone  
  17  1:10  Extractor  
  17  1:17  Spawning Pool  
  16  1:19  Drone  
  17  1:30  Drone  
  17  1:32  Drone  
  19  1:38  Overlord  
  19  1:48  Drone  
  21  2:01  Drone  
  21  2:10  Queen  
  21  2:11  Queen  
  21  2:12  Zergling x2  
  21  2:15  Drone  
  27  2:16  Metabolic Boost  
  27  2:31  Drone x2  
  29  2:45  Drone  
  30  2:51  Queen  
  30  2:52  Overlord  
  30  2:54  Drone x3  
  35  3:07  Overlord  
  35  3:09  Drone  
  36  3:15  Spore Crawler  
  36  3:17  Spore Crawler  
  34  3:24  Zergling x6  
  34  3:25  Zergling x6  
  40  3:31  Zergling x10  
  45  3:41  Zergling x4  
  46  3:47  Zergling x4  
  48  3:55  Overlord  
  48  3:58  Drone  
  48  4:02  Extractor  
Show
View Real Time Build Order
Export as new Build Order

AgCl Protoss 

Build Orders: Nexus First 

Get SALT Encoding   

  12  0:03  Probe  
  13  0:15  Probe  
  14  0:34  Pylon  
  14  0:56  Probe  
  15  0:59  Nexus  
  15  1:08  Probe  
  16  1:21  Probe, Gateway  
  17  1:33  Probe, Assimilator  
  18  1:45  Probe  
  19  1:49  Pylon  
  19  1:51  Assimilator  
  19  1:57  Probe  
  20  2:09  Probe (Chrono Boost)  
  20  2:10  Cybernetics Core  
  21  2:20  Probe (Chrono Boost)  
  22  2:28  Probe (Chrono Boost)  
  24  2:30  Probe (Chrono Boost)  
  26  2:38  Probe (Chrono Boost)  
  26  2:39  Probe (Chrono Boost)  
  27  2:45  Probe (Chrono Boost)  
  27  2:46  Probe (Chrono Boost)  
  27  2:47  Pylon  
  28  2:56  Probe (Chrono Boost)  
  30  2:58  Stargate  
  30  2:59  Probe (Chrono Boost)  
  31  3:07  Probe (Chrono Boost)  
  31  3:10  Mothership Core (Chrono Boost)  
  33  3:16  Probe (Chrono Boost)  
  33  3:22  Probe  
  33  3:23  Zealot  
  33  3:25  Probe  
  36  3:35  Probe (Chrono Boost)  
  36  3:37  Probe (Chrono Boost)  
  37  3:49  Fleet Beacon  
  37  3:50  Probe (Chrono Boost)  
  37  3:52  Probe (Chrono Boost)  
  38  3:57  Probe (Chrono Boost)  
  38  3:58  Probe  
Tags
 
Add a new tag
Caveats
  • Supply blocks, unpowered buildings, or Contaminate may cause inaccurate times.
  • Supply counts are checked every 10 seconds.